 Dungeon Crawl Stone Soup version bcrawl-1.21.3 (webtiles) character file.

Game seed: 17218174444941406191

8490 Lauz the Destroyer (level 11, -6/62 HPs)
             Began as an Avariel Reaver on Mar 23, 2020.
             Was an Elder of Vehumet.
             Mangled by an orc warlord
             ... wielding a +0 war axe
              (35 damage)
             ... in a bailey on Mar 24, 2020.
             The game lasted 00:59:16 (12811 turns).

Lauz the Destroyer (Avariel Reaver)                Turns: 12811, Time: 00:59:17

Health: -6/62      AC:  8    Str: 12    XL:     11   Next: 31%
Magic:  10/36      EV: 14    Int: 21    God:    Vehumet [****..]
Gold:   1083       SH:  4    Dex: 11    Spells: 13/30 levels left

rFire    . . .     SeeInvis .   a - +0 long sword
rCold    . . .     Gourm    .   (no shield)
rNeg     + . .     Faith    .   F - +2 robe {rN+}
rPois    .         Spirit   .   (no helmet)
rElec    .         Reflect  +   E - +1 cloak
rCorr    .         Harm     .   o - +0 pair of gloves
MR       +....                  s - +0 pair of boots
Stlth    +.........             I - +2 amulet of reflection
HPRegen  0.20/turn              t - ring of magical power
MPRegen  0.25/turn              H - +4 ring of slaying

@: no status effects
A: able to fly
a: Fly, Renounce Religion


You were in a bailey.
You worshipped Vehumet.
Vehumet was greatly pleased with you.
You were hungry.

You visited 1 branch of the dungeon, and saw 10 of its levels.
You also visited: Bailey.

You collected 1083 gold pieces.

Inventory:

Hand Weapons
 a - a +0 long sword (weapon)
Armour
 b - +0 steam dragon scales
 o - a +0 pair of gloves (worn)
 s - a +0 pair of boots (worn)
 E - a +1 cloak (worn)
 F - a +2 robe of positive energy (worn)
Jewellery
 t - a ring of magical power (left hand)
 G - an uncursed ring of resist corrosion
 H - a +4 ring of slaying (right hand)
 I - a +2 amulet of reflection (around neck)
 M - an uncursed ring of wizardry {unknown}
Wands
 y - a wand of random effects (7)
 z - a wand of disintegration (25)
 A - a wand of digging (11)
Scrolls
 d - 2 scrolls of immolation
 h - 5 scrolls of blinking
 i - 4 scrolls of enchant armour
 j - 4 scrolls of remove curse
 k - 11 scrolls of identify
 l - 2 scrolls of amnesia
 p - a scroll of fear {unknown}
 q - 12 scrolls of teleportation
 r - a scroll of magic mapping
 L - a scroll of brand weapon {unknown}
Potions
 c - 5 potions of haste
 f - a potion of might {unknown}
 g - 2 potions of cancellation {unknown}
 m - 6 potions of curing
 n - a potion of degeneration {unknown}
 u - 3 potions of mutation {unknown}
 v - 2 potions of flight {unknown}
 w - a potion of invisibility {unknown}
 x - 2 potions of agility {unknown}
 B - a potion of heal wounds {unknown}
 C - 4 potions of ambrosia {unknown}
 D - 3 potions of lignification {unknown}
 J - a potion of magic {unknown}
 K - a potion of berserk rage {unknown}
 N - a potion of brilliance {unknown}
Comestibles
 e - 13 rations {!d}


   Skills:
 + Level 4.3 Fighting
 * Level 9.6 Long Blades
 * Level 5.9 Dodging
 + Level 10.2 Spellcasting
 * Level 13.0 Conjurations
 + Level 1.2 Translocations
 + Level 2.3 Fire Magic
 + Level 3.9 Air Magic
 - Level 1.2 Poison Magic


You had 13 spell levels left.
You knew the following spells:

 Your Spells              Type           Power        Failure   Level  Hunger
a - Magic Dart            Conj           ####         1%          1    None
b - Mephitic Cloud        Conj/Pois/Air  #####...     1%          3    None
c - Blink                 Tloc           N/A          6%          2    None
d - Conjure Flame         Conj/Fire      #####...     1%          3    None
e - Dazzling Spray        Conj/Hex       #####.       1%          3    None
f - Fireball              Conj/Fire      #####.....   2%          5    ####...

Your spell library contained the following spells:

 Spells                   Type           Power        Failure   Level  Hunger
 Iskenderun's Battlesphe  Conj/Chrm      #####...     3%          5    ####...
 Call Imp                 Summ           ##....       10%         2    None
 Spider Form              Tmut/Pois      ##.          14%         3    None


Dungeon Overview and Level Annotations

Branches:
Dungeon (10/12)            Temple (0/1) D:5            Lair (0/6) D:9
    Orc (0/1) D:9

Altars:
Cheibriados
Dithmenos
Fedhas
Gozag
Hepliaklqana
Sif Muna
Yredelemnul
Zin

Shops:
D:8 }

Annotations:
D:9 1 runed translucent door, Galewind's ghost, journeyman AvCj


Innate Abilities, Weirdness & Mutations

You can fly continuously.


Message History

The fire ignites!
The orc warlord is engulfed in blazing flames.
Casting: Conjure Flame (safe; 1% risk of failure)
Confirm with . or Enter, or press ? or * to list all spells.
Aiming: Magic Dart (safe; 1% risk of failure)
Press: ? - help, Shift-Dir - straight line, f - orc warlord
Aim: an orc warlord, wielding a +0 war axe and wearing a +0 ring mail (flame, lightly wounded)
The magic dart hits the orc warlord.
The orc warlord is lightly wounded.
The orc warlord is engulfed in blazing flames.
You slash the orc warlord!
The orc warlord is moderately wounded.
The orc warlord is engulfed in blazing flames.
The orc warlord hits you but does no damage.
You slash the orc warlord!
The orc warlord is heavily wounded.
The orc warlord is engulfed in blazing flames.
The orc warlord hits you with a +0 war axe!!
Ouch! That really hurt!
You die...

♣♣♣∩♣♣♣ #####♣♣♣.....♣♣♣#####
##...##...((..(.##...## ≈≈
##.....##.......##.....##
≈≈##...8...##≈≈≈≈≈##.......##
≈##.........#≈≈≈≈≈#...8..8..##
≈#..........#≈≈≈≈≈#.......)..#
≈#.(8.(8..(.☼§§o@))...)......#
≈#........#########..)...8...#
≈##......##≈≈≈#≈≈≈####.(....##
..##.....#≈).....≈#≈≈#.....##
...##....#≈?........o#....##
....#)...##8.8...8.8≈##...#
....'.....#o........≈≈'...#
∩...')....#....∩....≈≈'...#
....'.....#.........o≈'...#


You could see an orc warlord.

Vanquished Creatures
  2 two-headed ogres
  Nergalle (D:9)
  Pikel (D:7)
  An orc knight (Bailey)
  A centaur skeleton (D:7)
  A tengu conjurer (D:8)
  A troll (D:9)
  A hornet (D:9)
  Prince Ribbit (D:5)
  A hippogriff (D:8)
  A spriggan (D:7)
  3 yaks (D:9)
  2 hungry ghosts
  The ghost of dscm the Shield-Bearer, an amateur KoFi (D:4)
  3 orc warriors
  A slave (D:7)
  A black bear (D:9)
  An ice beast (D:9)
  3 ogres
  2 phantoms
  A necrophage (D:7)
  7 centaurs
  A big kobold (D:9)
  2 bullfrogs
  A gnoll sergeant (D:7)
  A wyvern skeleton (D:9)
  2 scorpions
  9 killer bees
  2 howler monkeys
  3 crimson imps
  A centaur zombie (D:8)
  2 bullfrog zombies (D:5)
  A jelly (D:7)
  4 hounds
  2 gnoll shamans
  2 orc wizards
  3 orc priests
  2 bullfrog skeletons
  An iguana (D:7)
  6 worker ants
  A worker ant zombie (D:9)
  18 gnolls
  7 adders
  2 shadow imps
  2 worms (D:1)
  2 dart slugs
  2 leopard geckos
  30 orcs
  4 giant cockroaches
  5 goblins
  11 hobgoblins
  7 jackals
  31 kobolds
  4 quokkas
  3 ball pythons
  7 bats
  5 frilled lizards (D:1)
  3 rats
226 creatures vanquished.

Vanquished Creatures (collateral kills)
  A killer bee (D:9)
1 creature vanquished.

Grand Total: 227 creatures vanquished

Notes
Turn   | Place    | Note
-------+----------+-------------------------------------------
     0 | D:1      | Lauz the Avariel Reaver began the quest for the Orb.
     0 | D:1      | Reached XP level 1. HP: 13/13 MP: 6/6
   116 | D:1      | Reached XP level 2. HP: 17/18 MP: 7/7
   602 | D:1      | Reached * piety under Vehumet
   602 | D:1      | Offered knowledge of Freeze by Vehumet.
   658 | D:1      | Reached XP level 3. HP: 22/22 MP: 9/9
  1484 | D:2      | Found a blossoming altar of Fedhas.
  1740 | D:2      | Found a glowing silver altar of Zin.
  1740 | D:2      | Noticed an angel
  1768 | D:2      | Learned a level 1 spell: Magic Dart
  2146 | D:3      | Reached XP level 4. HP: 28/28 MP: 6/10
  2465 | D:3      | Offered knowledge of Sandblast by Vehumet.
  2553 | D:3      | Reached ** piety under Vehumet
  2753 | D:3      | Reached skill level 5 in Long Blades
  2753 | D:3      | Reached XP level 5. HP: 29/32 MP: 7/11
  2849 | D:3      | Reached skill level 1 in Conjurations
  2976 | D:3      | Found a hazy altar of Hepliaklqana.
  2976 | D:3      | Found an opulent altar of Gozag.
  3587 | D:4      | Noticed an ogre
  3676 | D:4      | Noticed a centaur
  3682 | D:4      | Learned a level 3 spell: Mephitic Cloud
  3685 | D:4      | Learned a level 2 spell: Blink
  3689 | D:4      | Learned a level 3 spell: Conjure Flame
  3703 | D:4      | Killed a centaur
  3703 | D:4      | Reached skill level 2 in Conjurations
  3703 | D:4      | Reached XP level 6. HP: 26/37 MP: 6/13
  4248 | D:4      | Reached skill level 3 in Conjurations
  4837 | D:5      | Entered Level 5 of the Dungeon
  4916 | D:5      | Reached XP level 7. HP: 41/41 MP: 12/16
  4942 | D:5      | Found a basalt altar of Yredelemnul.
  5289 | D:5      | Noticed Prince Ribbit
  5332 | D:5      | Killed Prince Ribbit
  5332 | D:5      | Reached skill level 5 in Spellcasting
  5332 | D:5      | Reached skill level 4 in Conjurations
  5332 | D:5      | Reached skill level 1 in Air Magic
  5332 | D:5      | Reached skill level 1 in Poison Magic
  5720 | D:5      | Reached XP level 8. HP: 46/46 MP: 17/17
  5785 | D:5      | Reached skill level 5 in Conjurations
  5814 | D:5      | Offered knowledge of Dazzling Spray by Vehumet.
  5819 | D:5      | Learned a level 3 spell: Dazzling Spray
  5927 | D:5      | Found a staircase to the Ecumenical Temple.
  5962 | D:5      | Found a runed translucent gate.
  5963 | D:5      | Noticed dscm's ghost (amateur KoFi)
  5970 | D:5      | Found a runed translucent gate.
  5971 | D:5      | Found a runed translucent gate.
  6456 | D:6      | Reached skill level 6 in Conjurations
  6660 | D:6      | Reached skill level 7 in Conjurations
  6827 | D:6      | Reached *** piety under Vehumet
  6827 | D:6      | Reached skill level 5 in Dodging
  6827 | D:6      | Gained mutation: You can fly continuously. [Avariel growth]
  6827 | D:6      | Reached XP level 9. HP: 50/52 MP: 17/20
  7002 | D:6      | Found a shadowy altar of Dithmenos.
  7173 | D:6      | Reached skill level 8 in Conjurations
  7528 | D:4      | Killed dscm's ghost
  8116 | D:7      | Offered knowledge of Inner Flame by Vehumet.
  8179 | D:7      | Reached skill level 1 in Translocations
  8213 | D:7      | Reached skill level 9 in Conjurations
  8715 | D:7      | Noticed Pikel
  8733 | D:7      | Killed Pikel
  8733 | D:7      | Reached skill level 10 in Conjurations
  8733 | D:7      | Reached XP level 10. HP: 54/56 MP: 15/24
  9216 | D:8      | Found a snail-covered altar of Cheibriados.
  9306 | D:8      | Reached skill level 11 in Conjurations
  9407 | D:8      | Found Faadatob's Gadget Shop.
  9782 | D:8      | Noticed a two-headed ogre
  9862 | D:8      | Killed a two-headed ogre
 10172 | D:9      | Reached **** piety under Vehumet
 10480 | D:9      | Offered knowledge of Fireball by Vehumet.
 10487 | D:9      | Learned a level 5 spell: Fireball
 10850 | D:9      | Found a staircase to the Orcish Mines.
 10916 | D:9      | Found a runed translucent door.
 10918 | D:9      | Noticed Galewind's ghost (journeyman AvCj)
 10927 | D:9      | Reached skill level 12 in Conjurations
 10936 | D:9      | Noticed Nergalle
 11183 | D:9      | Reached XP level 11. HP: 51/61 MP: 26/26
 11358 | D:9      | Killed Nergalle
 11358 | D:9      | Reached skill level 10 in Spellcasting
 11358 | D:9      | Reached skill level 1 in Fire Magic
 11712 | D:9      | Found a shimmering blue altar of Sif Muna.
 11745 | D:9      | Found a staircase to the Lair.
 12015 | D:10     | Entered Level 10 of the Dungeon
 12021 | D:10     | Noticed a two-headed ogre
 12031 | D:10     | Killed a two-headed ogre
 12166 | D:10     | Found a flagged portal.
 12173 | Bailey   | Entered a bailey
 12178 | Bailey   | Noticed an orc warlord
 12322 | Bailey   | Noticed an orc knight
 12341 | Bailey   | Killed an orc knight
 12341 | Bailey   | Reached skill level 13 in Conjurations
 12561 | Bailey   | Found a runed gate.
 12561 | Bailey   | Found a runed gate.
 12561 | Bailey   | Found a runed gate.
 12811 | Bailey   | Mangled by an orc warlord

Skill      XL: |  1  2  3  4  5  6  7  8  9 10 11 |
---------------+----------------------------------+-----
Long Blades    | 4 5 6 7 8 9 |  9.6
Fighting       | 3 4 |  4.3
Spellcasting   | 3 4 5 6 8 9 10 | 10.2
Dodging        | 4 5 |  5.9
Conjurations   | 2 3 4 7 10 12 13 | 13.0
Air Magic      | 1 2 3 |  3.9
Poison Magic   | 1 |  1.2
Translocations | 1 |  1.2
Fire Magic     | 2 |  2.3

Action                   |  1- 3 |  4- 6 |  7- 9 | 10-12 || total
-------------------------+-------+-------+-------+-------++-------
Melee: Long sword        |   158 |   101 |   179 |    80 ||   518
 Cast: Magic Dart        |    18 |   110 |   239 |   219 ||   586
       Mephitic Cloud    |       |     6 |    47 |    36 ||    89
       Blink             |       |     1 |     8 |     5 ||    14
       Dazzling Spray    |       |       |     4 |     6 ||    10
       Conjure Flame     |       |       |     3 |    15 ||    18
       Fireball          |       |       |       |    24 ||    24
  Use: Scroll            |       |     3 |       |     4 ||     7
 Stab: Confused          |       |     1 |     7 |     6 ||    14
  Eat: Chunk             |     4 |     8 |     9 |    10 ||    31
       Ration            |       |       |     2 |     2 ||     4
Armor: Steam dragon scal |    59 |    36 |    74 |     1 ||   170
       Robe              |       |       |       |    21 ||    21
Dodge: Dodged            |   117 |    82 |   185 |    64 ||   448
Block: Other             |     1 |     4 |    11 |    11 ||    27
       Reflection        |       |       |       |     2 ||     2
